 Dungeon Crawl Stone Soup version 0.32-a0-163-g159c032296 (webtiles) character file.

Game seed: 14169407778616362699

11391 CougarLife the Cleaver (level 11, -2/90 HPs)
             Began as a Minotaur Fighter on Feb 11, 2024.
             Was a Believer of Hepliaklqana.
             Slain by a sixfirhy (10 damage)
             ... on level 1 of the Abyss.
             The game lasted 00:15:11 (10314 turns).

CougarLife the Cleaver (Minotaur Fighter)          Turns: 10314, Time: 00:15:11

Health: -2/90      AC: 11    Str: 24    XL:     11   Next: 48%
Magic:  10/10      EV: 11    Int:  5    God:    Hepliaklqana [**....]
Gold:   618        SH:  5    Dex: 11    Spells: 10/10 levels left

rFire   + + .        a - +0 war axe
rCold   + . .        c - +0 buckler
rNeg    . . .        b - +0 scale mail
rPois   .            (helmet restricted)
rElec   .            A - scarf {rC+ rF+}
rCorr   .            k - +2 pair of gloves
SInv    .            (no boots)
Will    .....        (no amulet) Stlth
                     l - +4 ring of slaying
HPRegen 0.35/turn    F - ring of protection from fire
MPRegen 0.12/turn

%: no passive effects
@: studying Conjurations
A: reduced essence, horns 2, retaliatory headbutt
a: Renounce Religion, Recall Ancestor, Ancestor Identity


You were on level 1 of the Abyss.
You worshipped Hepliaklqana.
Hepliaklqana was pleased with you.
You visited 3 branches of the dungeon, and saw 12 of its levels.
You visited the Abyss 1 time.
You also visited: Sewer.

You collected 618 gold pieces.

Inventory:

Hand Weapons
 a - a +0 war axe (weapon)
Missiles
 o - 6 poisoned darts (quivered)
 C - 5 boomerangs
 E - 2 curare-tipped darts
Armour
 b - a +0 scale mail (worn)
 c - a +0 buckler (worn)
 k - a +2 pair of gloves (worn)
 A - a scarf of resistance (worn)
Jewellery
 l - a +4 ring of slaying (left hand)
 F - a ring of protection from fire (right hand)
 G - a ring of fire
Wands
 p - a wand of acid (12)
 u - a wand of iceblast (7)
 B - a wand of charming (12)
 J - a wand of flame (20)
 L - a wand of mindburst (7)
Scrolls
 d - a scroll of noise {unknown}
 f - 6 scrolls of blinking
 h - a scroll of revelation
 j - 3 scrolls of brand weapon
 n - 3 scrolls of enchant weapon
 r - a scroll of immolation {unknown}
 s - 3 scrolls of teleportation
 t - 3 scrolls of enchant armour
 v - a scroll of fog {unknown}
 y - a scroll of summoning {unknown}
 D - 2 scrolls of fear {unknown}
 M - a scroll of amnesia {unknown}
Potions
 e - 2 potions of mutation
 g - 2 potions of might
 i - 3 potions of haste
 m - 2 potions of enlightenment {unknown}
 q - 2 potions of resistance {unknown}
 w - 3 potions of lignification
 x - 2 potions of degeneration {unknown}
 H - 2 potions of cancellation {unknown}
 I - 2 potions of magic {unknown}
 K - 2 potions of curing
Miscellaneous
 z - a phantom mirror


   Skills:
 + Level 10.5 Fighting
 * Level 13.1 Axes
 - Level 7.8 Throwing
 - Level 8.0 Armour
 - Level 4.8 Dodging
 - Level 8.0 Shields


You had 10 spell levels left.
You didn't know any spells.
Your spell library contained the following spells:

 Spells                   Type           Power      Damage    Failure   Level
 Mercury Vapours          Alch/Air       0%         N/A       90%         2
 Frozen Ramparts          Ice            0%         1d1       99%         3
 Mephitic Cloud           Conj/Alch/Air  0%         N/A       99%         3
 Tukima's Dance           Hex            0%         N/A       99%         3
 Dimensional Bullseye     Hex/Tloc       0%         N/A       100%        4
 Iskenderun's Mystic Bla  Conj/Tloc      0%         2d3       100%        4
 Leda's Liquefaction      Alch/Erth      0%         N/A       100%        4
 Petrify                  Alch/Erth      0%         N/A       100%        4
 Freezing Cloud           Conj/Ice/Air   0%         6-21      100%        5
 Metabolic Englaciation   Hex/Ice        0%         N/A       100%        5


Dungeon Overview and Level Annotations

Branches:
Dungeon (10/15)            Temple (1/1) D:5            Lair (1/5) D:8
    Orc (0/2) D:9           Sewer (visited)

Altars:
Ashenzari
Cheibriados
Dithmenos
Elyvilon
Fedhas
Gozag
Hepliaklqana
Kikubaaqudgha
Makhleb
Nemelex Xobeh
Okawaru
Qazlal
Ru
Sif Muna
Trog
Uskayaw
Vehumet
Wu Jian
Xom
Yredelemnul
Zin
The Shining One

Shops:
D:4 :

Annotations:
D:9 3 runed translucent doors, waq's ghost, journeyman MfMo


Innate Abilities, Weirdness & Mutations

Your life essence is reduced to manifest your ancestor. (-10% HP)
You have a pair of horns on your head.
You reflexively headbutt those who attack you in melee.


Message History

A snapping turtle comes into view.
Cashile hits the snapping turtle with a +0 quarterstaff.
You swap places.
A worldbinder comes into view.
The snapping turtle closely misses you.
You hit the snapping turtle but do no damage.
The snapping turtle is lightly wounded.
The snapping turtle bites you!
Cashile casts a spell at the snapping turtle.
The puff of frost hits the snapping turtle!
You slash the snapping turtle!
You headbutt the snapping turtle, but do no damage.
The snapping turtle is heavily wounded.
The snapping turtle bites you.
Cashile gestures at the snapping turtle while chanting.
The stone arrow hits the snapping turtle!
A sixfirhy comes into view.
The snapping turtle disappears in a puff of smoke!
The worldbinder hits you but does no damage. x4
Cashile hits the worldbinder but does no damage.
You hit the worldbinder. You headbutt the worldbinder!
The worldbinder is moderately damaged.
The worldbinder calls forth creatures from the Shoals!
The sixfirhy hits you. The sixfirhy shocks you!
Cashile gestures at the worldbinder while chanting.
The puff of frost hits the worldbinder.
You hit the worldbinder but do no damage.
You headbutt the worldbinder!
The worldbinder is severely damaged.
You hit the snapping turtle but do no damage.
You completely miss the sixfirhy.
You hit the snapping turtle but do no damage.
The manticore disappears in a puff of smoke! x2
The sixfirhy hits you! The sixfirhy shocks you!
* * * LOW HITPOINT WARNING * * *
The sixfirhy hits you!
* * * LOW HITPOINT WARNING * * *
The sixfirhy shocks you!
You die...
Hepliaklqana delivers you to your ancestors.

. .#. . .. ..
..#...... ..##.
#.#.#... .
#..3####.....##
..#......#.......
....... #........
#..._...##ยงยง.
.# ........##x#
........3@R#
.........ttt...#
........###..#...
....~~..# #.....
..~.~##.# #.##
..~.# .#. .# ..#.
. . . ... .. . .


You could see the friendly Cashile the battlemage, 3 snapping turtles, a
worldbinder (ally target) and a sixfirhy.

Vanquished Creatures
  Pikel (D:5)
  A komodo dragon (Lair:1)
  2 trolls
  A wyvern (D:9)
  26 yaks
  Eustachio (D:5)
  2 steam dragons
  A vampire mosquito (D:10)
  2 ice beasts
  3 orc warriors
  3 ogres
  3 black bears (D:8)
  A centaur (D:7)
  2 lemures (D:5)
  2 kobold brigands
  9 bullfrogs
  A gnoll sergeant (D:4)
  Blork the orc (D:5)
  5 scorpions
  7 wights
  4 killer bees
  2 howler monkeys (D:9)
  5 hounds
  A gnoll bouda (D:6)
  7 orc priests
  A sleepcap (D:3)
  Ijyb (D:3)
  3 iguanas
  8 orc wizards
  12 gnolls
  18 adders
  3 river rats (D:4)
  A shadow imp (D:7)
  7 ribbon worms
  12 dart slugs
  37 orcs
  18 ball pythons
  17 endoplasms
  9 giant cockroaches
  3 goblins (D:4)
  8 hobgoblins
  7 jackals
  3 quokkas
  3 bats
  10 frilled lizards
  12 kobolds
  12 rats
298 creatures vanquished.

Vanquished Creatures (collateral kills)
  An ugly thing (D:8)
  A wyvern (D:9)
  A warg (D:9)
  A vampire mosquito (D:10)
  A steam dragon (D:8)
  An acid dragon (D:10)
  2 orc warriors (D:9)
  A black bear (D:8)
  A centaur (D:8)
  A kobold brigand (D:9)
  A gnoll sergeant (D:10)
  2 wights (D:9)
  A killer bee (D:8)
  An orc priest (D:9)
  3 orc wizards
  A gnoll (D:10)
  7 orcs
  A kobold (D:9)
28 creatures vanquished.

Vanquished Creatures (others)
  A battlemage (D:10)
1 creature vanquished.

Grand Total: 327 creatures vanquished

Notes
Turn   | Place    | Note
-------+----------+-------------------------------------------
     0 | D:1      | CougarLife the Minotaur Fighter began the quest for the
                  | Orb.
     0 | D:1      | Reached XP level 1. HP: 19/19 MP: 0/0
   361 | D:1      | Reached XP level 2. HP: 26/26 MP: 1/1
   770 | D:2      | Reached skill level 3 in Axes
  1065 | D:2      | Reached XP level 3. HP: 20/33 MP: 2/2
  1069 | D:2      | Reached skill level 4 in Axes
  1213 | D:2      | Reached XP level 4. HP: 41/41 MP: 3/3
  1268 | D:2      | Found a faded altar of an unknown god.
  1603 | D:3      | Noticed an ice beast
  1613 | D:3      | Killed an ice beast
  1614 | D:3      | Reached skill level 5 in Fighting
  1614 | D:3      | Reached skill level 5 in Axes
  1614 | D:3      | Reached XP level 5. HP: 16/48 MP: 4/4
  1869 | D:3      | Noticed Ijyb
  1880 | D:3      | Killed Ijyb
  2136 | D:3      | Reached skill level 6 in Axes
  2136 | D:3      | Reached XP level 6. HP: 46/56 MP: 5/5
  2547 | D:4      | Found a white marble altar of Elyvilon.
  2700 | D:4      | Reached skill level 7 in Axes
  2705 | D:4      | Found Jotimujo's Book Shoppe.
  2770 | D:4      | Reached XP level 7. HP: 59/63 MP: 6/6
  2897 | D:4      | Found a glowing drain.
  2904 | Sewer    | Entered a sewer
  3106 | Sewer    | Reached skill level 8 in Axes
  3469 | D:4      | Found a sparkling altar of Nemelex Xobeh.
  3554 | D:4      | Found a shimmering altar of Xom.
  3554 | D:4      | Found a hazy altar of Hepliaklqana.
  3556 | D:4      | Found a blossoming altar of Fedhas.
  3556 | D:4      | Found a shimmering altar of Xom.
  3556 | D:4      | Found an opulent altar of Gozag.
  3595 | D:5      | Entered Level 5 of the Dungeon
  3786 | D:5      | Noticed Eustachio
  3801 | D:5      | Killed Eustachio
  3802 | D:5      | Reached skill level 9 in Axes
  3802 | D:5      | Reached XP level 8. HP: 61/73 MP: 7/7
  3963 | D:5      | Found a glowing silver altar of Zin.
  4039 | D:5      | Noticed Blork the orc
  4057 | D:5      | Killed Blork the orc
  4059 | D:5      | Reached skill level 10 in Axes
  4070 | D:5      | Noticed Pikel
  4087 | D:5      | Killed Pikel
  4088 | D:5      | Reached skill level 10 in Fighting
  4205 | D:5      | Found a staircase to the Ecumenical Temple.
  4208 | D:5      | You fall into a shaft and drop 2 floors!
  4435 | Temple   | Entered the Ecumenical Temple
  4452 | Temple   | Became a worshipper of Hepliaklqana the Forgotten
  4746 | D:5      | Found an ancient bone altar of Kikubaaqudgha.
  4746 | D:5      | Found a shimmering blue altar of Sif Muna.
  4751 | D:5      | Found a sparkling altar of Nemelex Xobeh.
  4837 | D:6      | Reached XP level 9. HP: 85/85 MP: 8/8
  4915 | D:6      | Reached skill level 5 in Armour
  4915 | D:6      | Reached skill level 5 in Shields
  5411 | D:6      | Found a radiant altar of Vehumet.
  5483 | D:6      | Reached skill level 1 in Throwing
  5557 | D:6      | Reached XP level 10. HP: 86/93 MP: 9/9
  5681 | D:6      | Reached * piety under Hepliaklqana
  7133 | D:8      | Reached skill level 11 in Axes
  7133 | D:8      | Reached skill level 5 in Throwing
  7329 | D:8      | Found a staircase to the Lair.
  7348 | D:8      | Noticed a purple ugly thing
  7360 | D:8      | Killed a purple ugly thing
  7373 | Lair:1   | Entered Level 1 of the Lair of Beasts
  7600 | D:8      | Reached skill level 12 in Axes
  7603 | D:8      | Reached XP level 11. HP: 56/89 MP: 10/10
  8024 | D:8      | Reached skill level 1 in Dodging
  8085 | D:8      | Reached ** piety under Hepliaklqana
  8086 | D:8      | Remembered your ancestor Cashile as a battlemage
  8217 | D:8      | Found a shadowy altar of Dithmenos.
  8698 | D:9      | Identified the +3 great mace "Aschyifre" {freeze, rPois
                  | Str+7 Dex-3}
  8848 | D:9      | Identified the +3 whip of Riding Terror {venom, rElec Will+
                  | Dex+2}
  9060 | D:9      | Found a staircase to the Orcish Mines.
  9360 | D:9      | Found a runed translucent gate.
  9360 | D:9      | Found a runed translucent gate.
  9360 | D:9      | Found a runed translucent gate.
  9361 | D:9      | Noticed waq's ghost (journeyman MfMo)
  9862 | D:10     | Entered Level 10 of the Dungeon
 10074 | D:10     | Reached skill level 13 in Axes
 10286 | Abyss:1  | Cast into level 1 of the Abyss (gnoll)
 10287 | Abyss:1  | Found a viscous altar of Jiyva.
 10311 | Abyss:1  | Noticed a sixfirhy
 10314 | Abyss:1  | Slain by a sixfirhy

Illustrated notes

Levels and vault maps discovered:
D:1:      tarquinn_simple_flora_water_d, layout_loops_cross,
          minmay_misc_feat_ornament
D:2:      layout_basic, basic_ecumenical_altar
D:3:      layout_loops_ring, serial_bayou_pond_d, uniq_ijyb
D:4:      layout_rooms, marbit_many_paths, doesnt_xom_only_xom, serial_shops,
          nicolae_shop_hallway_plus, lightli_sewer_entry_pipes
D:5:      layout_loops_ring, overflow_temple_1_default, minitemple,
          minmay_temple_entry_sparse_star, water_boxes_lemuel, uniq_eustachio,
          uniq_pikel, uniq_blork_the_orc
D:6:      layout_loops_ring, mainiacjoe_overflow_surrounded_room
D:7:      layout_loops_corners, nicolae_elevator_lobby_plus
D:8:      layout_cave_pods, nicolae_dithmenos_the_darkroom,
          due_lair_maze_entry_diamond
D:9:      layout_irregular_city, david_orc_1_choice, ebering_ghost_rock_garden
D:10:     layout_basic, minivault_13
Temple:   jpeg_temple_clearing
Lair:1:   layout_gridlike
Abyss:1:  base: Lair:1, hangedman_stitches_earthworm

Skill      XL: |  1  2  3  4  5  6  7  8  9 10 11 |
---------------+----------------------------------+-----
Armour         | 4 8 |  8.0
Shields        | 4 8 |  8.0
Axes           | 3 4 5 6 7 9 10 12 13 | 13.1
Fighting       | 4 5 6 7 10 | 10.5
Throwing       | 2 7 |  7.8
Dodging        | 4 |  4.8

Action                     |  1- 3 |  4- 6 |  7- 9 | 10-12 || total
---------------------------+-------+-------+-------+-------++-------
  Melee: War axe           |    42 |   113 |   272 |   208 ||   635
         Headbutt          |     5 |    16 |    46 |    56 ||   123
  Throw: Dart              |       |     3 |       |       ||     3
 Invoke: Recall Ancestor   |       |       |       |     2 ||     2
         Ancestor Life: Ba |       |       |       |     1 ||     1
    Use: Scroll            |       |       |     7 |     4 ||    11
         Potion            |       |       |       |     6 ||     6
   Stab: Distracted        |       |       |       |     3 ||     3
 Armour: Scale mail        |    44 |    89 |   175 |   200 ||   508
  Dodge: Dodged            |    26 |    48 |    97 |    97 ||   268
  Block: Buckler           |     7 |    28 |    48 |    65 ||   148

Table legend: (Time is in decaauts)
 A = Elapsed time spent in this place.
 B = Non-inter-level travel time spent in this place.
 C = Inter-level travel time spent in this place.
 D = Time resting spent in this place.
 E = Time spent auto-exploring this place.
 F = Levels seen in this place.
 G = Mean time per level.
                   A        B        C        D        E       F      G
               +--------+--------+--------+--------+--------+-----+--------+
         Total |  10478 |  10033 |    445 |   2039 |   5595 |  14 |  748.4 |
       Dungeon |   9751 |   9330 |    421 |   1837 |   5447 |  10 |  975.1 |
        Temple |     34 |     10 |     24 |      0 |      0 |   1 |   34.0 |
          Lair |    203 |    203 |      0 |    185 |      0 |   1 |  203.0 |
         Abyss |     27 |     27 |      0 |     17 |      0 |   1 |   27.0 |
         Sewer |    461 |    461 |      0 |      0 |    147 |   1 |  461.0 |
               +--------+--------+--------+--------+--------+-----+--------+

Top non-repeatable levels by time:
     D:7: 1454 daAuts
     D:8: 1357 daAuts
     D:9: 1209 daAuts
     D:2: 977 daAuts
     D:6: 972 daAuts
     D:5: 946 daAuts
     D:3: 836 daAuts
     D:4: 819 daAuts
     D:1: 759 daAuts
   Sewer: 461 daAuts
    D:10: 419 daAuts
  Lair:1: 203 daAuts
  Temple: 34 daAuts
 Abyss:1: 27 daAuts
